[Event "Titled Tuesday Blitz November 07 Early 2023"]
[White "DonCiao"]
[Black "Bazilius, Augustinas"]
[BlackFideId "12832251"]
[WhiteElo "2132"]
[BlackElo "2537"]
[Result "0-1"]
[Round "1"]
[TimeControl "180+1"]
[Date "2023.11.07"]
[WhiteClock "0:00:00"]
[BlackClock "0:00:02"]
[Board "232"]

1. c4 Nf6 2. g3 g6 3. Bg2 Bg7 4. Nc3 O-O 5. e4 c5 6. d3 d6 7. Nge2 Nc6 8. O-O a6 9. h3 Rb8 10. a4 e5 11. Be3 Nd4 12. f4 Bd7 13. Nd5 b5 14. fxe5 dxe5 15. Bg5 Nxd5 16. Bxd8 Ne3 17. Qe1 Ndc2 18. Qf2 Rbxd8 19. Rac1 Bh6 20. Kh2 Nb4 21. Rc3 f5 22. exf5 Bxf5 23. Nc1 Nxd3 24. Nxd3 Bxd3 25. Qxf8+ Bxf8 26. Rf3 Nxg2 27. Rfxd3 Rxd3 28. Rxd3 bxc4 29. Rd8 Ne1 30. g4 Nd3 31. b3 e4 32. bxc4 Nb2 33. Re8 Nxa4 34. Rxe4 Nb6 35. Kg2 a5 36. Kf3 a4 37. Re5 Nxc4 0-1


[Site "https://www.chess.com"]

[Event "Titled Tuesday Blitz November 07 Early 2023"]
[White "Manukian, Artak"]
[Black "Gaikwad, Siddhant"]
[WhiteFideId "13301373"]
[BlackFideId "25010239"]
[WhiteElo "2535"]
[BlackElo "2125"]
[Result "1-0"]
[Round "1"]
[TimeControl "180+1"]
[Date "2023.11.07"]
[WhiteClock "0:00:11"]
[BlackClock "0:00:02"]
[Board "233"]

1. e4 c5 2. Nf3 d6 3. Bb5+ Bd7 4. Bxd7+ Nxd7 5. c4 g6 6. Nc3 Bg7 7. d3 Ngf6 8. O-O O-O 9. Bg5 a6 10. a4 b6 11. Qd2 Rb8 12. Bh6 Ne5 13. Ne1 e6 14. Bxg7 Kxg7 15. f4 Nc6 16. Nc2 d5 17. e5 Ne8 18. Qf2 d4 19. Ne4 Ne7 20. g4 Qc7 21. Qh4 Ng8 22. g5 b5 23. axb5 axb5 24. Nf6 Ngxf6 25. exf6+ Kg8 26. Na3 bxc4 27. Nxc4 h5 28. gxh6 Qd8 29. h7+ Kh8 30. Ne5 Qxf6 31. Qxf6+ Nxf6 32. Ra7 Kg7 33. Rc1 Nxh7 34. Rxc5 Rxb2 35. Rcc7 Rb1+ 36. Kf2 g5 37. Nxf7 g4 38. Nh8+ Kxh8 39. Rxh7+ Kg8 40. Rag7# 1-0


[Site "https://www.chess.com"]

[Event "Titled Tuesday Blitz November 07 Early 2023"]
[White "Feliz Dotel, Dewar Bienvenido"]
[Black "Gavrilov, Maxim"]
[WhiteFideId "6402801"]
[BlackFideId "24271454"]
[WhiteElo "2124"]
[BlackElo "2534"]
[Result "0-1"]
[Round "1"]
[TimeControl "180+1"]
[Date "2023.11.07"]
[WhiteClock "0:00:00"]
[BlackClock "0:00:17"]
[Board "234"]

1. d4 Nf6 2. e3 d5 3. Nf3 Bf5 4. c4 e6 5. Bd3 Bxd3 6. Qxd3 Nbd7 7. O-O c6 8. b3 Bd6 9. Ba3 Qe7 10. Bxd6 Qxd6 11. Nc3 O-O 12. e4 dxe4 13. Nxe4 Qf4 14. Ng3 Rfd8 15. Rad1 a5 16. Qd2 Qd6 17. Qb2 a4 18. Rfe1 Qb4 19. Qd2 Qa3 20. Rb1 Nb6 21. bxa4 Nxc4 22. Qb4 Rxa4 23. Qxa3 Rxa3 24. Rxb7 Rxa2 25. h3 Rc2 26. Ng5 h6 27. Nxf7 Rxd4 28. Rxe6 Rd1+ 29. Kh2 Rxf2 30. Nxh6+ gxh6 31. Nh5 Nxh5 32. Rg6+ Kf8 33. Rxh6 Nf6 34. Rg6 Ne3 35. Rgg7 Ne8 0-1


[Site "https://www.chess.com"]

[Event "Titled Tuesday Blitz November 07 Early 2023"]
[White "Karimov, Alisher"]
[Black "Osiecki, Stanislaw"]
[WhiteFideId "14700280"]
[BlackFideId "1102990"]
[WhiteElo "2533"]
[BlackElo "2106"]
[Result "1-0"]
[Round "1"]
[TimeControl "180+1"]
[Date "2023.11.07"]
[WhiteClock "0:00:29"]
[BlackClock "0:00:02"]
[Board "235"]

1. c4 Nf6 2. Nc3 g6 3. g3 d6 4. Bg2 Bg7 5. Nf3 O-O 6. O-O e5 7. d3 Nbd7 8. Rb1 a5 9. a3 Nh5 10. b4 axb4 11. axb4 f5 12. Nd5 c6 13. Bg5 Ndf6 14. Nxf6+ Bxf6 15. Bxf6 Qxf6 16. b5 Bd7 17. bxc6 Bxc6 18. Qd2 e4 19. dxe4 Bxe4 20. Rb6 Rfd8 21. Rd1 Ra1 22. Nd4 Rxd1+ 23. Qxd1 Bxg2 24. Kxg2 Qe5 25. Nf3 Qe4 26. Qd4 Rd7 27. Rxd6 Rxd6 28. Qxd6 Qxc4 29. Qd8+ Kg7 30. Qe7+ Qf7 31. Qe5+ Qf6 32. Qc7+ Qf7 33. Qb6 Qd7 34. Qb2+ Kg8 35. h4 Qc6 36. Kh2 Nf6 37. Ne5 Ng4+ 38. Nxg4 fxg4 39. Qd4 h5 40. e4 b5 41. e5 Qe6 42. Qd8+ Kh7 43. Qc7+ Kh6 44. Qb8 Qf7 45. Qh8+ Qh7 46. Qf6 Qg8 47. e6 b4 48. e7 b3 49. Qf8+ Kh7 50. Qxg8+ Kxg8 51. e8=Q+ 1-0


[Site "https://www.chess.com"]

[Event "Titled Tuesday Blitz November 07 Early 2023"]
[White "Yushko, Olga"]
[Black "Rietze, Clemens, Dr."]
[WhiteFideId "14114500"]
[BlackFideId "24620351"]
[WhiteElo "2084"]
[BlackElo "2533"]
[Result "0-1"]
[Round "1"]
[TimeControl "180+1"]
[Date "2023.11.07"]
[WhiteClock "0:00:00"]
[BlackClock "0:01:25"]
[Board "236"]

1. d4 Nf6 2. c4 g6 3. Nc3 Bg7 4. Nf3 O-O 5. Bg5 h6 6. Bh4 c5 7. e3 d6 8. Be2 g5 9. Bg3 Nh5 10. Qc2 Nc6 11. Nxg5 hxg5 12. Bxh5 cxd4 13. O-O dxc3 14. bxc3 Ne5 15. f4 Nxc4 16. Qd3 Nb2 17. Qc2 Nc4 18. Qd3 Qc7 19. fxg5 Qc5 20. Rae1 Be6 21. Rf4 Qxg5 22. Rh4 Ne5 23. Qe4 Ng6 24. Bxg6 Qxg6 25. Qf3 Bf6 0-1


[Site "https://www.chess.com"]

[Event "Titled Tuesday Blitz November 07 Early 2023"]
[White "Tikhonov, Viacheslav"]
[Black "Dahlgren, James Allen"]
[WhiteFideId "44196407"]
[BlackFideId "22256873"]
[WhiteElo "2533"]
[BlackElo "2070"]
[Result "1-0"]
[Round "1"]
[TimeControl "180+1"]
[Date "2023.11.07"]
[WhiteClock "0:00:59"]
[BlackClock "0:00:09"]
[Board "237"]

1. d4 e6 2. c4 c5 3. d5 Nf6 4. Nc3 d6 5. e4 g6 6. f4 exd5 7. cxd5 Bg7 8. Bb5+ Nfd7 9. Bd3 O-O 10. Nf3 f5 11. exf5 gxf5 12. O-O Nf6 13. Ng5 Na6 14. a3 Nc7 15. Qc2 h6 16. Ne6 Nxe6 17. dxe6 Bxe6 18. Bxf5 Bxf5 19. Qxf5 d5 20. Bd2 d4 21. Ne4 Nxe4 22. Qxe4 Qb6 23. b4 c4 24. Qd5+ Kh8 25. Qxc4 d3+ 26. Kh1 Bxa1 27. Rxa1 Rad8 28. Re1 Rd7 29. Re3 Rfd8 30. h3 Qg6 31. Re6 Qh5 32. Bc3+ Kh7 33. Qe4+ Kg8 34. Rg6+ Kf8 35. Qe6 Rf7 36. Rxh6 Qd1+ 37. Kh2 1-0


[Site "https://www.chess.com"]

[Event "Titled Tuesday Blitz November 07 Early 2023"]
[White "Sailer, Mike"]
[Black "Shubenkova, Veronika"]
[WhiteFideId "2012901"]
[BlackFideId "44124040"]
[WhiteElo "2065"]
[BlackElo "2532"]
[Result "1/2-1/2"]
[Round "1"]
[TimeControl "180+1"]
[Date "2023.11.07"]
[WhiteClock "0:00:11"]
[BlackClock "0:02:22"]
[Board "238"]

1. g3 e6 2. Bg2 d5 3. c4 Nf6 4. b3 Be7 5. Bb2 O-O 6. Nf3 c5 7. cxd5 exd5 8. d4 cxd4 9. Nxd4 Nc6 10. O-O Nxd4 11. Qxd4 Be6 12. Nd2 Qb6 13. Qxb6 axb6 14. Nf3 Rfc8 15. Nd4 Bc5 16. Nxe6 fxe6 17. Rfc1 Kf7 18. e3 Ke7 19. a4 Bb4 20. Rxc8 Rxc8 21. Rc1 Rxc1+ 22. Bxc1 Nd7 23. Bb2 g6 24. Bd4 Kd6 25. Bf3 e5 26. Ba1 Nc5 27. Bd1 Ba3 28. Kf1 Ne4 29. Ke2 Bb4 30. Bc2 Nf6 31. f4 Nd7 32. fxe5+ Nxe5 33. Bxe5+ Kxe5 34. Kd3 Bc5 35. Bd1 d4 36. exd4+ Bxd4 37. Bf3 Bg1 38. h3 Bf2 39. g4 Kf4 40. Bxb7 Kg3 41. Bc8 Kxh3 42. Kc4 Kg3 43. Kb5 Kf4 44. b4 h5 45. gxh5 gxh5 46. a5 bxa5 47. bxa5 Ke5 48. Kc6 Be3 49. Kb7 Kd6 50. a6 h4 51. Bh3 Bd4 52. a7 Bxa7 53. Kxa7 Ke5 54. Bc8 Kf4 55. Kb8 Kg3 56. Bd7 h3 57. Bxh3 1/2-1/2


[Site "https://www.chess.com"]

[Event "Titled Tuesday Blitz November 07 Early 2023"]
[White "Alinasab, Mobina"]
[Black "Castillo Pena, Patricia Evarista"]
[WhiteFideId "12528897"]
[BlackFideId "6412106"]
[WhiteElo "2532"]
[BlackElo "2055"]
[Result "1-0"]
[Round "1"]
[TimeControl "180+1"]
[Date "2023.11.07"]
[WhiteClock "0:00:09"]
[BlackClock "0:00:03"]
[Board "239"]

1. e4 c5 2. Nf3 d6 3. d4 cxd4 4. Nxd4 Nf6 5. Nc3 a6 6. h3 e6 7. g4 Be7 8. g5 Nfd7 9. h4 b5 10. Be3 Bb7 11. f3 Nc6 12. Qd2 Rc8 13. Nxc6 Bxc6 14. Ne2 Qc7 15. Nd4 Bb7 16. c3 d5 17. exd5 Bxd5 18. Be2 Ne5 19. Bf4 Bd6 20. Be3 Nc4 21. Bxc4 Qxc4 22. Bf4 Bxf4 23. Qxf4 b4 24. Rc1 O-O 25. Kf2 bxc3 26. Rxc3 Qxa2 27. Qd2 Rxc3 28. Qxc3 Rb8 29. Kg3 Qxb2 30. Qc7 Qb7 31. Qe5 g6 32. h5 Rc8 33. hxg6 fxg6 34. Re1 Qc7 35. Kf4 Rf8+ 36. Kg3 Qxe5+ 37. Rxe5 Kf7 38. Re3 a5 39. Ra3 Ra8 40. Kf4 a4 41. Ke5 Ke7 42. f4 Ra5 43. f5 gxf5 44. Kf4 Bc4 45. Nf3 Bd5 46. Ne5 Be4 47. Rh3 a3 48. Rxh7+ Kd6 49. Nc4+ Kc5 50. Nxa5 a2 51. Nb3+ Kb4 52. Na1 Ka3 53. g6 Kb2 54. g7 Kxa1 55. g8=Q Kb2 56. Rh2+ Ka3 57. Qf8+ Ka4 58. Rxa2+ 1-0


[Site "https://www.chess.com"]

[Event "Titled Tuesday Blitz November 07 Early 2023"]
[White "Samarth J Rao"]
[Black "Kochiev, Ivan"]
[WhiteFideId "46652370"]
[BlackFideId "2917890"]
[WhiteElo "2029"]
[BlackElo "2531"]
[Result "1/2-1/2"]
[Round "1"]
[TimeControl "180+1"]
[Date "2023.11.07"]
[WhiteClock "0:00:04"]
[BlackClock "0:00:05"]
[Board "240"]

1. e4 c5 2. Nf3 d6 3. d4 cxd4 4. Nxd4 Nf6 5. Nc3 Nc6 6. Be2 g6 7. Be3 Bg7 8. O-O O-O 9. f3 Bd7 10. Qd2 Rc8 11. Rac1 a6 12. Nd5 b5 13. c4 bxc4 14. Bxc4 Nxd5 15. Bxd5 Nxd4 16. Bxd4 Bxd4+ 17. Qxd4 Qa5 18. a3 Rxc1 19. Rxc1 Rc8 20. Rxc8+ Bxc8 21. Kf2 Be6 22. Bc6 Qc7 23. Ba4 Qc1 24. Bd1 Bc4 25. h4 e5 26. Qxd6 Qxb2+ 27. Kg3 h5 28. Qb4 Qd4 29. Bb3 Bxb3 30. Qxb3 Qa1 31. Qe3 a5 32. Kf2 Qb2+ 33. Kg3 a4 34. Qd3 Qc1 35. Qd8+ Kg7 36. Qd6 Qf4+ 37. Kh3 Qf6 38. Qxf6+ Kxf6 39. Kg3 Ke6 40. Kf2 Kd6 41. Ke3 Kc5 42. Kd3 Kb5 43. Kc3 Kc5 44. Kd3 f6 45. g4 Kb5 46. Kc3 Kc5 47. Kd3 Kb5 48. Kc3 Kc5 49. Kd3 1/2-1/2


[Site "https://www.chess.com"]

[Event "Titled Tuesday Blitz November 07 Early 2023"]
[White "Tifferet, Shaked"]
[Black "Freeeeeeeeeeeeeeeeee"]
[WhiteFideId "2811529"]
[WhiteElo "2531"]
[BlackElo "2024"]
[Result "1-0"]
[Round "1"]
[TimeControl "180+1"]
[Date "2023.11.07"]
[WhiteClock "0:01:21"]
[BlackClock "0:00:03"]
[Board "241"]

1. c4 e6 2. e3 d5 3. Nc3 c6 4. b3 Nf6 5. Bb2 Bd6 6. Nf3 Nbd7 7. Rg1 e5 8. g4 e4 9. Nd4 Ne5 10. g5 Bg4 11. Qc2 c5 12. gxf6 cxd4 13. Rxg4 Nxg4 14. fxg7 Rg8 15. Nxd5 d3 16. Bxd3 exd3 17. Qxd3 Qh4 18. Qe4+ Kd8 19. Bf6+ Qxf6 20. Nxf6 Nxf6 21. Qh4 Be7 22. Qh6 Ke8 23. O-O-O Rd8 24. d4 Ng4 25. Qxh7 Kd7 26. Qf5+ Kc7 27. Qxg4 1-0


[Site "https://www.chess.com"]

[Event "Titled Tuesday Blitz November 07 Early 2023"]
[White "ssgm49"]
[Black "a-z30"]
[WhiteElo "2015"]
[BlackElo "2529"]
[Result "1/2-1/2"]
[Round "1"]
[TimeControl "180+1"]
[Date "2023.11.07"]
[WhiteClock "0:00:00"]
[BlackClock "0:00:07"]
[Board "242"]

1. Nf3 d5 2. d4 Nf6 3. c4 e6 4. Nc3 Bb4 5. e3 O-O 6. Bd3 dxc4 7. Bxc4 c5 8. O-O cxd4 9. exd4 b6 10. Bg5 Bb7 11. Qe2 Nbd7 12. Rac1 Rc8 13. Ne5 Be7 14. Rfd1 h6 15. Bf4 Nd5 16. Nxd5 Bxd5 17. Bxd5 Rxc1 18. Bxc1 Nxe5 19. Bxe6 fxe6 20. dxe5 Qc7 21. Qe4 Rc8 22. h3 Qc2 23. Qg4 Qf5 24. Qxf5 exf5 25. Be3 Rc7 26. f4 Kf7 27. Kf2 Ke6 28. g3 b5 29. Kf3 a6 30. g4 fxg4+ 31. hxg4 g6 32. Ke4 Rc4+ 33. Bd4 Rc2 34. f5+ Kf7 35. fxg6+ Kxg6 36. Rh1 Re2+ 37. Kd3 Rg2 38. Be3 Bg5 39. Bxg5 hxg5 40. e6 Kf6 41. Rh6+ Ke7 42. Rg6 Rxb2 43. Ke4 Rxa2 44. Kf5 Rf2+ 45. Kxg5 b4 46. Kh4 b3 47. Kg3 b2 48. Rg7+ Kxe6 49. Rb7 Rc2 50. g5 Kf5 51. Kh4 Kg6 52. Kg4 Rc4+ 53. Kf3 Rc3+ 54. Ke2 Rc2+ 55. Kd3 Rg2 56. Rb6+ Kxg5 57. Rb5+ Kf4 58. Rb4+ Kf3 59. Kc3 Ke3 60. Rxb2 Rg5 61. Kb4 Rb5+ 62. Ka3 Ra5+ 63. Kb4 Re5 64. Rc2 Kd3 65. Rc6 Rb5+ 66. Ka4 Kd4 67. Rxa6 Rd5 68. Ra5 Kc3 69. Rxd5 Kc4 1/2-1/2


[Site "https://www.chess.com"]

[Event "Titled Tuesday Blitz November 07 Early 2023"]
[White "Manukyan, Artyom"]
[Black "abelmat"]
[WhiteFideId "13305786"]
[WhiteElo "2528"]
[BlackElo "1979"]
[Result "1-0"]
[Round "1"]
[TimeControl "180+1"]
[Date "2023.11.07"]
[WhiteClock "0:01:09"]
[BlackClock "0:00:00"]
[Board "243"]

1. e4 e6 2. d4 d5 3. e5 c5 4. c3 Qb6 5. Nf3 Bd7 6. a4 Nc6 7. Be2 cxd4 8. cxd4 Nge7 9. Na3 a6 10. O-O Nf5 11. Nc2 Be7 12. Bf4 h5 13. Qd2 Na5 14. Ra2 Rc8 15. Ne3 Nxe3 16. Qxe3 Nc4 17. Bxc4 Rxc4 18. a5 Qc7 19. b3 Rc3 20. Qd2 Bb4 21. Qe2 Bb5 22. Qd1 Bxf1 23. Bd2 Bb5 24. Bxc3 Bxc3 25. Rc2 Qxa5 26. Qc1 O-O 27. Rxc3 Qa2 28. h4 Qe2 29. Ng5 Qg4 30. Nf3 g6 31. Qd2 Rd8 32. b4 Bc6 33. g3 Qf5 34. Ng5 Qb1+ 35. Rc1 Qf5 36. Rc3 Kg7 37. Rf3 Rc8 38. Rxf5 exf5 39. Kg2 Bb5 40. e6 fxe6 41. Nxe6+ Kf6 42. Nc5 Re8 43. Qg5+ Kg7 44. Qf4 Bc6 45. Kf3 1-0


[Site "https://www.chess.com"]

[Event "Titled Tuesday Blitz November 07 Early 2023"]
[White "Mirza, Diana"]
[Black "Ronka, Erik"]
[WhiteFideId "2503999"]
[BlackFideId "505080"]
[WhiteElo "1962"]
[BlackElo "2528"]
[Result "0-1"]
[Round "1"]
[TimeControl "180+1"]
[Date "2023.11.07"]
[WhiteClock "0:00:16"]
[BlackClock "0:00:58"]
[Board "244"]

1. e4 c5 2. Nf3 e6 3. d4 cxd4 4. Nxd4 Nf6 5. Nc3 d6 6. Be3 a6 7. Qf3 Nbd7 8. Be2 Qc7 9. O-O Be7 10. Qg3 O-O 11. Bh6 Ne8 12. Bh5 Kh8 13. Nxe6 fxe6 14. Bxe8 gxh6 15. Bh5 b5 16. Qh3 Nf6 17. e5 Nxh5 18. exd6 Bxd6 19. Qxh5 Bb7 20. Qxh6 Qg7 21. Qxg7+ Kxg7 22. f3 Rac8 23. Ne4 Bxe4 24. fxe4 Rxf1+ 25. Rxf1 Rxc2 26. Rd1 Bc5+ 27. Kf1 Rf2+ 28. Ke1 Rxg2 29. Rd7+ Kg6 30. Rd6 Bxd6 0-1


[Site "https://www.chess.com"]

[Event "Titled Tuesday Blitz November 07 Early 2023"]
[White "only_strong_moves"]
[Black "missponyo10"]
[WhiteElo "2528"]
[BlackElo "1956"]
[Result "0-1"]
[Round "1"]
[TimeControl "180+1"]
[Date "2023.11.07"]
[WhiteClock "0:01:30"]
[BlackClock "0:01:30"]
[Board "245"]

1. d4 d5 2. Nc3 Nf6 3. Bf4 c6 4. e3 e6 5. Nf3 Nbd7 6. Be2 Be7 7. O-O O-O 8. Ne5 Nxe5 9. Bxe5 Bd6 10. f4 Bxe5 11. fxe5 Nd7 12. Bd3 f5 13. exf6 Nxf6 14. Qf3 Bd7 15. Qg3 Qe7 16. Rf3 Nh5 17. Qh3 g6 18. Raf1 e5 19. Rxf8+ Rxf8 20. Rxf8+ Kxf8 21. Qf3+ Kg7 22. Qf2 e4 23. Be2 Nf6 24. Nd1 Bg4 25. Bxg4 Nxg4 26. Qf4 Nh6 27. c3 Nf5 28. Nf2 Qd6 29. Qxd6 Nxd6 30. b3 Nf5 31. Nd1 Kf6 32. Kf2 Nd6 33. a4 Kf5 34. h3 h5 35. Kg3 g5 36. Nf2 Kf6 37. h4 Nf5+ 38. Kh3 g4+ 39. Nxg4+ hxg4+ 40. Kxg4 Nxe3+ 41. Kg3 Nd1 42. Kf4 Nxc3 43. g4 Ne2+ 44. Ke3 Ng3 45. Kf4 Nf1 46. h5 b6 47. g5+ Kg7 48. Kf5 e3 49. h6+ Kh8 0-1


[Site "https://www.chess.com"]

[Event "Titled Tuesday Blitz November 07 Early 2023"]
[White "Horak, Martin"]
[Black "Perez Cruz, Adianet"]
[WhiteFideId "367095"]
[BlackFideId "3510115"]
[WhiteElo "2526"]
[BlackElo "1928"]
[Result "1/2-1/2"]
[Round "1"]
[TimeControl "180+1"]
[Date "2023.11.07"]
[WhiteClock "0:00:58"]
[BlackClock "0:01:20"]
[Board "247"]

1. e4 c6 2. d4 d5 3. Nc3 dxe4 4. Nxe4 Nf6 5. Nxf6+ gxf6 6. c3 Bf5 7. Bf4 Nd7 8. h4 Qb6 9. Qb3 h5 10. Bc4 e6 11. Ne2 O-O-O 12. Ng3 Bg6 13. a4 Qxb3 14. Bxb3 Nb6 15. a5 Nd5 16. Bd2 Bd6 17. Ne2 a6 18. Rc1 Kb8 19. Bc2 Bxc2 20. Rxc2 Rhg8 21. g3 f5 22. f4 Nf6 23. Be3 Ne4 24. Bf2 Rg4 25. Rh3 Rdg8 26. Rc1 Bc7 27. b4 1/2-1/2


[Site "https://www.chess.com"]

[Event "Titled Tuesday Blitz November 07 Early 2023"]
[White "Gyulamiryan-koryun"]
[Black "HeroRubiksCube"]
[WhiteElo "1892"]
[BlackElo "2524"]
[Result "0-1"]
[Round "1"]
[TimeControl "180+1"]
[Date "2023.11.07"]
[WhiteClock "0:00:03"]
[BlackClock "0:00:50"]
[Board "248"]

1. e4 d5 2. exd5 Nf6 3. d4 Bg4 4. Nf3 Qxd5 5. Be2 g6 6. c4 Qd6 7. c5 Qd8 8. Nc3 Bg7 9. d5 O-O 10. Bg5 Na6 11. Bxa6 bxa6 12. Qd3 Rb8 13. Bc1 c6 14. Ne5 Bf5 15. Qxa6 Nxd5 16. Nxc6 Nb4 17. Nxd8 Nxa6 18. Nc6 Rb7 19. O-O Rc8 20. Na5 Rd7 21. c6 Rd3 22. Nb5 Nc7 23. Nxc7 Rxc7 24. Bf4 e5 25. Be3 Rd5 26. b4 Bd3 27. Rfc1 e4 28. Nb3 Bxa1 29. Nxa1 Bb5 30. Nb3 Rxc6 31. Rxc6 Rd1# 0-1


[Site "https://www.chess.com"]

[Event "Titled Tuesday Blitz November 07 Early 2023"]
[White "Jeet, Jain"]
[Black "katharinareinecke"]
[WhiteFideId "5073022"]
[WhiteElo "2522"]
[BlackElo "1884"]
[Result "1-0"]
[Round "1"]
[TimeControl "180+1"]
[Date "2023.11.07"]
[WhiteClock "0:01:30"]
[BlackClock "0:00:00"]
[Board "249"]

1. Nf3 d5 2. b3 Nf6 3. Bb2 e6 4. e3 Be7 5. c4 c6 6. Be2 O-O 7. O-O b6 8. d3 Bb7 9. Nbd2 a5 10. a3 c5 11. Rc1 Nc6 12. Re1 dxc4 13. bxc4 Nd7 14. Ne4 f6 15. Qc2 e5 16. Nc3 Re8 17. h3 Nf8 18. Nd5 Ne6 19. Qb3 a4 20. Qxb6 Qxb6 21. Nxb6 Rab8 22. Nd5 Bd8 23. Bc3 Na5 24. Rb1 Nb3 25. Bd1 Bxd5 26. cxd5 Nc7 27. e4 Nb5 28. Bb2 N5d4 29. Bxd4 cxd4 30. Bxb3 axb3 31. Re2 Be7 32. Reb2 Bxa3 33. Rxb3 Rxb3 34. Rxb3 Ra8 35. Nd2 Bd6 36. Nc4 Ra1+ 37. Kh2 Bc5 38. Rb7 Ra6 39. g4 h5 40. Rc7 Bd6 41. Rc6 Rxc6 42. dxc6 Bc7 43. Na3 Kf7 44. Nb5 Bb6 45. c7 Bxc7 46. Nxc7 hxg4 47. hxg4 g6 48. Kg3 Ke7 49. Nd5+ Ke6 50. f4 exf4+ 51. Kxf4 g5+ 52. Kf3 Ke5 53. Ne7 Ke6 54. Nf5 Ke5 55. Kg3 Ke6 56. Nxd4+ 1-0


[Site "https://www.chess.com"]

[Event "Titled Tuesday Blitz November 07 Early 2023"]
[White "Mohammadian,Mohammad"]
[Black "Slade, Theodore"]
[WhiteFideId "12566055"]
[BlackFideId "426547"]
[WhiteElo "1874"]
[BlackElo "2521"]
[Result "0-1"]
[Round "1"]
[TimeControl "180+1"]
[Date "2023.11.07"]
[WhiteClock "0:00:45"]
[BlackClock "0:01:13"]
[Board "250"]

1. e4 e5 2. Nf3 Nc6 3. Bb5 g6 4. d3 Bg7 5. Be3 Nge7 6. Qd2 a6 7. Ba4 O-O 8. Bh6 d6 9. Bxg7 Kxg7 10. Nc3 b5 11. Bb3 Na5 12. Nd5 Nxb3 13. axb3 Nxd5 14. exd5 Bb7 15. c4 c6 16. dxc6 Bxc6 17. Qe3 Qf6 18. O-O Bxf3 19. Qxf3 Qxf3 20. gxf3 Rfb8 21. Rfe1 bxc4 22. dxc4 Rxb3 23. Re2 Rxf3 24. Kg2 Rb3 25. Rd2 Rb6 26. Rad1 Rc8 27. Rxd6 Rxd6 28. Rxd6 Rxc4 29. Rxa6 Rb4 30. Ra2 Rb3 31. Kf1 Kf6 32. Ke1 h5 33. Kf1 Kf5 34. Kg2 f6 35. h3 h4 36. Kh2 g5 37. Kg2 Kf4 38. Ra4+ e4 39. f3 Rxb2+ 40. Kf1 Kxf3 41. Ke1 e3 42. Ra5 Rb1# 0-1


[Site "https://www.chess.com"]

[Event "Titled Tuesday Blitz November 07 Early 2023"]
[White "Jakubowski, Krzysztof"]
[Black "Carlsen, Magnus"]
[WhiteFideId "1112848"]
[BlackFideId "1503014"]
[WhiteElo "2664"]
[BlackElo "3268"]
[Result "0-1"]
[Round "2"]
[TimeControl "180+1"]
[Date "2023.11.07"]
[WhiteClock "0:00:09"]
[BlackClock "0:01:14"]
[Board "1"]

1. e4 b6 2. d4 Bb7 3. Bd3 Nf6 4. Qe2 c5 5. d5 d6 6. c4 g6 7. Nc3 Bg7 8. f3 O-O 9. g4 e6 10. Be3 Re8 11. h4 b5 12. dxe6 Rxe6 13. O-O-O b4 14. Na4 Qa5 15. Bc2 Bc6 16. b3 Bxa4 17. bxa4 Nc6 18. Bb3 Nd7 19. Nh3 Nd4 20. Qf2 Ne5 21. Nf4 Rf6 22. g5 Rxf4 23. Bxf4 Nexf3 24. h5 Qd8 25. hxg6 hxg6 26. Rh3 Nxg5 27. Rh2 Nxe4 28. Qh4 Qxh4 29. Rxh4 g5 30. Bxg5 Nxg5 31. Rg4 Nge6 32. Kd2 Kf8 33. Kd3 Ke7 34. Rf1 Rh8 35. Rg3 Be5 0-1


[Site "https://www.chess.com"]

[Event "Titled Tuesday Blitz November 07 Early 2023"]
[White "Andreikin, Dmitry"]
[Black "Shuvalova, Polina"]
[WhiteFideId "4158814"]
[BlackFideId "24171760"]
[WhiteElo "3117"]
[BlackElo "2661"]
[Result "1/2-1/2"]
[Round "2"]
[TimeControl "180+1"]
[Date "2023.11.07"]
[WhiteClock "0:00:06"]
[BlackClock "0:00:01"]
[Board "2"]

1. Nf3 d5 2. d4 Nf6 3. c4 e6 4. Bg5 Be7 5. e3 O-O 6. Qc2 Nbd7 7. Nc3 h6 8. Bh4 c5 9. dxc5 Nxc5 10. cxd5 Nxd5 11. Nxd5 Bxh4 12. Qxc5 exd5 13. Nxh4 Qxh4 14. Bd3 Be6 15. Qd4 Qxd4 16. exd4 Rfc8 17. Kd2 Rc6 18. Rac1 Rac8 19. Rxc6 Rxc6 20. Re1 f6 21. h4 Kf8 22. h5 Bf7 23. g4 Rb6 24. b3 Rc6 25. Bf5 b6 26. Bd7 Rc7 27. Bb5 a5 28. f4 Rc8 29. f5 Be8 30. a4 Bf7 31. Re3 Rc7 32. Re1 Rc8 33. Re2 Rc7 34. Re3 Rc8 35. Bd7 Rc7 36. Be6 Re7 37. Ke2 Rc7 38. Kf3 Bxe6 39. fxe6 Ke7 40. Kf4 Rc1 41. Kf5 Rf1+ 42. Kg6 Rg1 43. Kxg7 Rxg4+ 44. Kxh6 Rxd4 45. Kh7 Rg4 46. h6 d4 47. Re1 d3 48. Kh8 d2 49. Rd1 Rg2 50. h7 f5 51. Rh1 Kxe6 52. Rh6+ Ke5 53. Rh1 f4 54. Rh5+ Ke4 55. Rh1 Ke3 56. b4 Ke2 57. bxa5 bxa5 58. Re1+ Kd3 59. Re3+ Kc2 60. Rc3+ Kb2 61. Rb3+ Kc2 62. Rc3+ Kd1 63. Rc1+ Ke2 64. Re1+ Kd3 65. Re3+ Kd4 66. Re4+ Kd5 67. Rd4+ Ke5 68. Re4+ Kf5 69. Rxf4+ Kxf4 1/2-1/2


[Site "https://www.chess.com"]

[Event "Titled Tuesday Blitz November 07 Early 2023"]
[White "Le, Tuan Minh"]
[Black "Degenbaev, Aziz"]
[WhiteFideId "12401153"]
[BlackFideId "13802640"]
[WhiteElo "3085"]
[BlackElo "2658"]
[Result "0-1"]
[Round "2"]
[TimeControl "180+1"]
[Date "2023.11.07"]
[WhiteClock "0:00:03"]
[BlackClock "0:00:13"]
[Board "4"]

1. d4 Nf6 2. c4 g6 3. Nf3 Bg7 4. g3 c5 5. Bg2 cxd4 6. Nxd4 h5 7. h3 O-O 8. Nc3 d6 9. O-O Nc6 10. Nc2 Be6 11. Ne3 Qd7 12. Kh2 Rac8 13. b3 h4 14. Bb2 hxg3+ 15. fxg3 Bh6 16. Ned5 Nh5 17. g4 Bxg4 18. hxg4 Qxg4 19. Qd3 e6 20. Qh3 Qxh3+ 21. Bxh3 f5 22. Rg1 Kh7 23. Bg2 exd5 24. Nxd5 Ne5 25. Bf3 Nxf3+ 26. exf3 Rce8 27. Rae1 Bd2 28. Rxe8 Rxe8 29. Rg2 Be1 30. Bd4 b6 31. Be3 Kg7 32. Kg1 Bh4 33. a4 Kf7 34. Bd4 Re1+ 35. Kh2 f4 36. Rd2 g5 37. a5 bxa5 38. Ra2 Ng3 39. Rxa5 Re2+ 40. Kh3 Nf5 41. Rxa7+ Kg6 42. Bc3 Rf2 43. Be1 Rxf3+ 44. Kg4 Rxb3 45. Nxf4+ gxf4 46. Bxh4 Nxh4 47. Kxh4 Kf5 48. Rf7+ Ke4 49. Rd7 Ke5 50. Re7+ Kd4 51. Kg4 f3 52. Kg3 Kxc4 53. Re4+ Kc5 54. Kf2 d5 55. Ra4 d4 56. Ke1 Kd5 57. Kf2 Ke4 58. Ra2 Rc3 59. Rb2 Rc4 60. Ra2 d3 61. Ra8 Rc2+ 62. Kg3 Rg2+ 63. Kh3 Rg5 64. Re8+ Re5 65. Rd8 Ke3 66. Kg3 d2 67. Rxd2 Kxd2 68. Kxf3 Kd3 0-1


[Site "https://www.chess.com"]

[Event "Titled Tuesday Blitz November 07 Early 2023"]
[White "Borgaonkar Akshay"]
[Black "Paravyan, David"]
[WhiteFideId "25639110"]
[BlackFideId "4194985"]
[WhiteElo "2658"]
[BlackElo "3077"]
[Result "0-1"]
[Round "2"]
[TimeControl "180+1"]
[Date "2023.11.07"]
[WhiteClock "0:00:29"]
[BlackClock "0:02:03"]
[Board "5"]

1. e4 e5 2. Nf3 Nf6 3. Nc3 Nc6 4. Bb5 Nd4 5. Nxd4 exd4 6. e5 dxc3 7. exf6 Qxf6 8. dxc3 Bc5 9. Qe2+ Qe6 10. Bf4 c6 11. Bd3 d5 12. O-O Qxe2 13. Bxe2 Bf5 14. Bd3 Bxd3 15. cxd3 Kd7 16. d4 Bd6 17. Bxd6 Kxd6 18. Rfe1 Rhe8 19. f3 a5 20. a4 Rxe1+ 21. Rxe1 b5 22. Ra1 Rb8 23. axb5 Rxb5 24. Ra2 c5 25. Kf2 cxd4 26. cxd4 Kc6 27. Ke3 Rb3+ 28. Kd2 Kb5 29. Kc2 Rb4 30. Kc3 Rc4+ 31. Kd3 a4 32. Ra3 Kb4 33. g4 g5 34. h3 h6 35. Kd2 Rxd4+ 36. Kc2 Rc4+ 37. Kd2 Rd4+ 38. Kc2 f5 39. Re3 Rf4 40. Rd3 d4 41. Ra3 fxg4 42. hxg4 Rf8 43. Rd3 Rc8+ 44. Kd2 Rc4 45. Kd1 Kc5 46. Ra3 Rb4 47. Kc2 Kc4 48. Kc1 d3 49. Rc3+ Kd4 50. Rc6 Rc4+ 0-1


[Site "https://www.chess.com"]